 Dungeon Sprint DCSS version 0.29-a0-284-gf9362112df (webtiles) character file.

Game seed: 10881150841156195693

373 garrulousMonolith the Poker (level 6, -7/78 HPs)
             Began as a Demonspawn Fighter on Mar 28, 2022.
             Was an Initiate of Yredelemnul.
             Mangled by a freezing wraith (18 damage)
             ... in the Dungeon (Sprint VII: "The Pits").
             The game lasted 00:01:30 (470 turns).

garrulousMonolith the Poker (Demonspawn Fighter)     Turns: 470, Time: 00:01:30

Health: -7/78      AC: 15    Str: 16    XL:     6   Next: 43%
Magic:  10/10      EV:  8    Int: 12    God:    Yredelemnul [......]
Gold:   0          SH:  5    Dex: 12    Spells: 5/5 levels left

rFire   . . .      SeeInvis .   o - +1 trident (vorpal)
rCold   . . .      Faith    .   c - +0 buckler
rNeg    . . .      Spirit   .   k - +3 chain mail
rPois   .          Reflect  .   (no helmet)
rElec   .          Harm     .   (no cloak)
rCorr   .          Rampage  .   (no gloves)
Will    .....      NoTele   +   (no boots)
Stlth   ..........              (no amulet)
HPRegen 0.23/turn               (no ring)
MPRegen 0.12/turn               (no ring)

@: berserking, slowed, invisible
A: sharp scales 2
a: Renounce Religion, Recall Undead Harvest


You were in the Dungeon.
You worshipped Yredelemnul.
Yredelemnul was noncommittal.
You visited 1 branch

Inventory:

Hand Weapons
 o - a +1 vorpal trident (weapon)
Missiles
 n - 11 stones (quivered)
Armour
 b - a +0 scale mail
 c - a +0 buckler (worn)
 k - a +3 chain mail (worn)
Wands
 p - a wand of acid (9)
Scrolls
 j - a scroll of blinking
 l - 5 scrolls of amnesia
 m - a scroll of summoning
Potions
 a - a potion of invisibility
 d - a potion of might
 e - 6 potions of curing
 f - 4 potions of heal wounds
 g - a potion of haste
 h - 4 potions of magic
 i - a potion of berserk rage


   Skills:
 + Level 6.0 Fighting
 * Level 7.0 Polearms
 + Level 5.5 Armour
 + Level 4.5 Dodging
 + Level 5.5 Shields
 + Level 6.6 Invocations


You had 5 spell levels left.
You didn't know any spells.
Your spell library was empty.

Dungeon Overview and Level Annotations

Branches:
Dungeon (1/1)

Altars:
Ashenzari
Cheibriados
Dithmenos
Elyvilon
Fedhas
Gozag
Hepliaklqana
Kikubaaqudgha
Makhleb
Nemelex Xobeh
Okawaru
Qazlal
Ru
Sif Muna
Trog
Uskayaw
Vehumet
Wu Jian
Xom
Yredelemnul
Zin
The Shining One
Beogh
Jiyva
Lugonu


Innate Abilities, Weirdness & Mutations

You are mostly covered in razor-sharp scales. (AC +2, Slay +2)


Message History

The freezing wraith freezes you! The freezing wraith barely misses you.
Ijyb barely misses the freezing wraith.
The freezing wraith hits you but does no damage.
The freezing wraith hits you!
You are too injured to fight recklessly!
You feel much better.
Ijyb closely misses the freezing wraith.
You block the freezing wraith's attack. The freezing wraith hits you.
The freezing wraith drains your vigour!
You feel as though you will be slow longer.
Ijyb closely misses the freezing wraith.
You fade into invisibility!
The freezing wraith hits you. The freezing wraith freezes you!
The freezing wraith hits you but does no damage.
Ijyb misses the freezing wraith.
The freezing wraith closely misses you.
The freezing wraith hits you but does no damage.
A red film seems to cover your vision as you go berserk!
You feel yourself moving faster!
You feel mighty!
The freezing wraith hits you but does no damage.
You block the freezing wraith's attack.
Ijyb hits the freezing wraith but does no damage.
You hit the freezing wraith but do no damage.
The freezing wraith hits you but does no damage.
The freezing wraith misses you.
Ijyb hits the freezing wraith but does no damage.
You closely miss the freezing wraith. The freezing wraith closely misses you.
The freezing wraith hits you but does no damage.
Ijyb barely misses the freezing wraith.
You puncture the freezing wraith!
The freezing wraith is moderately damaged.
The freezing wraith hits you. The freezing wraith freezes you!!
* * * LOW HITPOINT WARNING * * *
The freezing wraith barely misses you.
You hit the freezing wraith.
The freezing wraith is moderately damaged.
Ijyb barely misses the freezing wraith.
The freezing wraith hits you.
* * * LOW HITPOINT WARNING * * *
The freezing wraith freezes you!!
You die...
Your body rises from the dead as a mindless zombie.

#.#........##.......#
#Z###########.......#
#)......# #########
#.Z###..# #.......#
##.###.##+#
#.......#.+
#..###.Z#W#
#.......Z@#
###########


You could see a freezing wraith (ally target), a friendly rat zombie and the
friendly Ijyb the goblin zombie.

Vanquished Creatures
  Menkaure (D)
  A floating eye (D)
  A necrophage (D)
  Terence (D)
  Ijyb (D)
  An adder (D)
  2 goblins (D)
  3 jackals (D)
  A frilled lizard (D)
  A jackal zombie (D)
  2 kobolds (D)
  A rat (D)
16 creatures vanquished.

Vanquished Creatures (collateral kills)
  A bullfrog (D)
  A ball python zombie (D)
2 creatures vanquished.

Vanquished Creatures (others)
  A necrophage zombie (D)
  A jackal zombie (D)
  A kobold zombie (D)
3 creatures vanquished.

Grand Total: 21 creatures vanquished

Notes
Turn   | Place    | Note
-------+----------+-------------------------------------------
     0 | D        | garrulousMonolith the Demonspawn Fighter began the quest
                  | for the Orb.
     0 | D        | Reached XP level 1. HP: 18/18 MP: 1/1
    16 | D        | Reached skill level 2 in Polearms
    16 | D        | Reached skill level 1 in Dodging
    16 | D        | Reached skill level 1 in Invocations
    16 | D        | Gained mutation: You are partially covered in razor-sharp
                  | scales. (AC +1, Slay +1) [demonic ancestry]
    16 | D        | Reached XP level 2. HP: 21/24 MP: 1/3
    45 | D        | Found a basalt altar of Yredelemnul.
    45 | D        | Found a shimmering altar of Xom.
    45 | D        | Found an ornate altar of the Wu Jian Council.
    45 | D        | Found a bloodstained altar of Trog.
    45 | D        | Found a shimmering blue altar of Sif Muna.
    45 | D        | Found a sacrificial altar of Ru.
    45 | D        | Found a stormy altar of Qazlal.
    45 | D        | Found an iron altar of Okawaru.
    45 | D        | Found a sparkling altar of Nemelex Xobeh.
    45 | D        | Found a burning altar of Makhleb.
    45 | D        | Found a viscous altar of Jiyva.
    45 | D        | Found a hazy altar of Hepliaklqana.
    45 | D        | Found an opulent altar of Gozag.
    45 | D        | Found a blossoming altar of Fedhas.
    45 | D        | Found a shadowy altar of Dithmenos.
    45 | D        | Found a snail-covered altar of Cheibriados.
    46 | D        | Found a radiant altar of Vehumet.
    46 | D        | Found a corrupted altar of Lugonu.
    47 | D        | Found a hide-covered altar of Uskayaw.
    47 | D        | Found an ancient bone altar of Kikubaaqudgha.
    47 | D        | Found a broken altar of Ashenzari.
    51 | D        | Became a worshipper of Yredelemnul the Dark
    62 | D        | Noticed a floating eye
    64 | D        | Killed a floating eye
    65 | D        | Reached skill level 4 in Polearms
    65 | D        | Reached XP level 3. HP: 31/31 MP: 3/6
    65 | D        | Gained mutation: You are mostly covered in razor-sharp
                  | scales. (AC +2, Slay +2) [demonic ancestry]
    65 | D        | Reached XP level 4. HP: 38/38 MP: 3/7
   199 | D        | Noticed a necrophage
   200 | D        | Noticed Ijyb
   201 | D        | Noticed Menkaure
   201 | D        | Noticed Terence
   209 | D        | Killed a necrophage
   209 | D        | Reached * piety under Yredelemnul
   210 | D        | Reached skill level 5 in Fighting
   210 | D        | Reached skill level 5 in Polearms
   210 | D        | Reached skill level 5 in Invocations
   210 | D        | Reached XP level 5. HP: 29/44 MP: 8/8
   214 | D        | Killed Ijyb
   215 | D        | Killed Menkaure
   216 | D        | Reached skill level 6 in Polearms
   216 | D        | Reached skill level 5 in Armour
   216 | D        | Reached skill level 5 in Shields
   216 | D        | Reached XP level 6. HP: 19/52 MP: 8/10
   217 | D        | Killed Terence
   456 | D        | Reached skill level 7 in Polearms
   458 | D        | Noticed a freezing wraith
   470 | D        | Mangled by a freezing wraith

Illustrated notes

Levels and vault maps discovered:
D:        pitsprint [storerooms_1, entrance_room_1, metal_vault_6, armoury_2,
          mini_pit_1, grid_room_1, main_hall_1, silver_pit, the_coven_3,
          the_vestibule_1, steel_vault_1, golden_pit, hallway_of_sentries,
          crystal_vault_2, iron_vault_4, final_vault]

Skill      XL: |  1  2  3  4  5  6 |
---------------+-------------------+-----
Polearms       | 2 4 5 6 7 |  7.0
Armour         | 3 4 5 |  5.5
Dodging        | 1 2 3 4 |  4.5
Shields        | 3 4 5 |  5.5
Invocations    | 1 4 5 6 |  6.6
Fighting       | 4 5 6 |  6.0

Action                   |  1- 3 |  4- 6 || total
-------------------------+-------+-------++-------
Melee: Trident           |     9 |    42 ||    51
  Use: Potion            |       |     5 ||     5
Armor: Scale mail        |     6 |     5 ||    11
       Chain mail        |       |    16 ||    16
Dodge: Dodged            |     3 |    18 ||    21
Block: Buckler           |       |    10 ||    10

Table legend: (Time is in decaauts)
 A = Elapsed time spent in this place.
 B = Non-inter-level travel time spent in this place.
 C = Inter-level travel time spent in this place.
 D = Time resting spent in this place.
 E = Time spent auto-exploring this place.
 F = Levels seen in this place.
 G = Mean time per level.
                   A        B        C        D        E       F      G
               +--------+--------+--------+--------+--------+-----+--------+
         Total |    480 |    480 |      0 |    260 |      0 |   1 |  480.0 |
       Dungeon |    480 |    480 |      0 |    260 |      0 |   1 |  480.0 |
               +--------+--------+--------+--------+--------+-----+--------+

Top non-repeatable levels by time:
       D: 480 daAuts
